 Dungeon Sprint DCSS version 0.23.1 (webtiles) character file.

Game seed: 1383342131098757460

5162 dhn the Severer (level 10, -9/100 HPs)
             Began as a Minotaur Fighter on Mar 14, 2019.
             Mangled by a guardian mummy (18 damage)
             ... in the Dungeon (Sprint V: "Ziggurat Sprint").
             The game lasted 00:08:16 (1058 turns).

dhn the Severer (Minotaur Fighter)                  Turns: 1058, Time: 00:08:17

Health: -9/100     AC: 41    Str: 27    XL:     10   Next: 33%
Magic:  0/12       EV:  7    Int:  6    God:
Gold:   0          SH: 24    Dex: 15    Spells: 9/9 levels left

rFire    . . .     SeeInvis .   U - +10 war axe "Plog" {chop, rElec rN+}
rCold    . . .     Gourm    .   M - +3 large shield
rNeg     + . .     Faith    .   H - +15 Maxwell's patent armour {-Cast -Tele rElec MR+ rCorr}
rPois    .         Spirit   +   (helmet restricted)
rElec    +         Reflect  .   b - +2 cloak {MR+}
rCorr    +         Harm     .   T - +1 pair of gloves {Dex+3}
MR       ++...     NoTele   +   Y - +0 pair of boots {run} Stlth ..........NoCast +
                                c - amulet of guardian spirit
HPRegen  0.26/turn              B - +6 ring of strength
MPRegen  0.13/turn              a - +4 ring of protection

@: lightly drained, quick
A: retaliatory headbutt, horns 2
a: no special abilities


You were in the Dungeon.
You were hungry.

You visited 1 branch

Inventory:

Hand Weapons
 G - the cursed +14 obsidian axe {chop, +Fly SInv *Curse}
   (You found it in the Dungeon)

   It inflicts extra damage upon your enemies.
   It lets you see invisible.
   It lets you fly.
   It curses itself when equipped.
   It has a curse placed upon it.
 J - a +5 broad axe
 K - a +5 executioner's axe
 U - the +10 war axe "Plog" (weapon) {chop, rElec rN+}
   (You found it in the Dungeon)

   It inflicts extra damage upon your enemies.
   It insulates you from electricity.
   It protects you from negative energy.
 X - a +1 vampiric trident
Armour
 b - a +2 cloak of magic resistance (worn)
 H - the +15 Maxwell's patent armour (worn) {-Cast -Tele rElec MR+ rCorr}
   (You found it in the Dungeon)

   It insulates you from electricity.
   It affects your resistance to hostile enchantments.
   It prevents spellcasting.
   It prevents most forms of teleportation.
   It provides partial protection from all sources of acid and corrosion.
 I - the +18 shield of the Gong {rElec rN+ MR+ EV-5}
   (You found it in the Dungeon)

   It affects your evasion (-5).
   It insulates you from electricity.
   It protects you from negative energy.
   It affects your resistance to hostile enchantments.
 L - a +3 buckler
 M - a +3 large shield (worn)
 N - a +3 shield
 O - a +5 crystal plate armour
 P - +5 gold dragon scales
 Q - a +5 plate armour
 R - +5 storm dragon scales
 T - a +1 pair of gloves of dexterity (worn)
 Y - a +0 pair of boots of running (worn)
Jewellery
 a - a +4 ring of protection (right hand)
 c - an amulet of guardian spirit (around neck)
 x - a +6 ring of dexterity
 y - a +6 ring of dexterity
 z - a +6 ring of intelligence
 A - a +6 ring of intelligence
 B - a +6 ring of strength (left hand)
 C - a +6 ring of strength
 V - the ring of Humuxkas {rN+ MR+ Stlth+}
   (You found it in the Dungeon)

   [ring of stealth]

   It protects you from negative energy.
   It affects your resistance to hostile enchantments.
   It makes you more stealthy.
 W - a +5 ring of evasion
Wands
 D - a wand of disintegration (7)
 E - a wand of iceblast (7)
 F - a wand of acid (6)
Scrolls
 k - 4 scrolls of blinking
 q - 4 scrolls of amnesia
 r - 7 scrolls of fog
 s - a scroll of holy word
 t - 5 scrolls of identify
 u - 5 scrolls of remove curse
 v - 2 scrolls of fear
Potions
 d - 6 potions of might
 e - 9 potions of curing
 g - 9 potions of heal wounds
 h - 10 potions of haste
 j - 3 potions of berserk rage
 l - 2 potions of brilliance
 m - 2 potions of invisibility
 n - 4 potions of resistance
 o - a potion of experience
 p - 5 potions of agility
Miscellaneous
 i - a phantom mirror
 w - a lightning rod (3/4)
 S - a lamp of fire (inert)
 Z - a phial of floods
Comestibles
 f - 7 rations


   Skills:
 + Level 12.6(11.9) Fighting
 + Level 16.1(15.3) Axes
 + Level 11.6(10.9) Armour
 + Level 3.2(2.7) Dodging
 + Level 0.8(0.3) Stealth
 + Level 15.6(14.8) Shields
 + Level 4.9(4.4) Evocations


You had 9 spell levels left.
You didn't know any spells.
Your spell library contained the following spells:

 Spells                   Type           Power        Failure   Level  Hunger
 Corona                   Hex            #......      100%        1    ##.....
 Freeze                   Ice            #...         100%        1    ##.....
 Slow                     Hex            #.......     100%        2    ###....
 Throw Frost              Conj/Ice       #.....       100%        2    ###....
 Inner Flame              Hex/Fire       #.......     100%        3    ####...
 Ozocubu's Armour         Chrm/Ice       #.......     100%        3    ####...
 Portal Projectile        Hex/Tloc       #.....       100%        3    ####...
 Static Discharge         Conj/Air       #.......     100%        3    ####...
 Cause Fear               Hex            #.........   100%        4    #####..
 Leda's Liquefaction      Hex/Erth       #.........   100%        4    #####..
 Olgreb's Toxic Radiance  Pois           #.......     100%        4    #####..
 Summon Ice Beast         Ice/Summ       #.......     100%        4    #####..
 Throw Icicle             Conj/Ice       #.......     100%        4    #####..
 Borgnjor's Vile Clutch   Necr/Erth      #.........   100%        5    ######.
 Excruciating Wounds      Chrm/Necr      #.........   100%        5    ######.
 Lightning Bolt           Conj/Air       #.........   100%        5    ######.
 Poison Arrow             Conj/Pois      #.........   100%        6    #######
 Chain Lightning          Conj/Air       #.........   100%        8    #######
 Ignition                 Fire           #.........   100%        8    #######
 Lehudib's Crystal Spear  Conj/Erth      #.........   100%        8    #######
 Fire Storm               Conj/Fire      #.........   100%        9    #######
 Glaciate                 Conj/Ice       #.........   100%        9    #######
 Shatter                  Erth           #.........   100%        9    #######
 Tornado                  Air            #.........   100%        9    #######


Dungeon Overview and Level Annotations

Branches:
Dungeon (1/1)

Altars:
Ashenzari
Cheibriados
Dithmenos
Elyvilon
Fedhas
Gozag
Hepliaklqana
Kikubaaqudgha
Makhleb
Nemelex Xobeh
Okawaru
Qazlal
Ru
Sif Muna
Trog
Uskayaw
Vehumet
Wu Jian
Xom
Yredelemnul
Zin
The Shining One
Beogh
Jiyva
Lugonu


Innate Abilities, Weirdness & Mutations

You reflexively headbutt those who attack you in melee.
You have a pair of horns on your head.


Message History

You hit the ufetubus.
You kill the ufetubus!
The bennu's plumage briefly flares with an otherwordly flame.
The bennu closely misses you. The bennu claws you!
* * * LOW HITPOINT WARNING * * *
You block the bennu's attack.
The jiangshi is engulfed in blazing flames.
You destroy the jiangshi!
The bennu pecks you but does no damage. You block the bennu's attack.
The bennu claws you.
* * * LOW HITPOINT WARNING * * *
Unknown command.
You feel much better.
The freezing wraith is engulfed in blazing flames.
You block the bennu's attack. x2; The bennu claws you!
* * * LOW HITPOINT WARNING * * *
The mummy priest utters an invocation to its god.
You block the rust devil's attack. The wight hits you but does no damage.
The guardian mummy hits you!!
You die...

▓...8©8...▓
▓..○§).|..▓..))[....▓
▓..|).)}..▓...|)[...▓
▓.§4..4...▓......!..▓
▓.§○Wzz...▓......=..▓
▓.5☼MMW...▓...|))...▓
▓.3MMW.°..▓...).)...▓
▓.Wz○bM...▓.▓.)...▓.▓
▓.▓.4@M.▓.▓....©....▓
▓...z©....▓▓▓▓▓▓▓▓▓▓▓
▓▓▓▓▓▓▓▓▓▓▓


You could see a greater mummy, a bennu, 2 mummy priests, an orange demon, a
guardian mummy, a rust devil, 3 freezing wraiths, a ynoxinul, a chaos spawn, a
wraith, 2 flying skulls, 2 mummies, 2 wights and an ufetubus.

Vanquished Creatures
  A death scarab (D)
  3 komodo dragons (D)
  An ancient zyme (D)
  A guardian mummy (D)
  A merfolk (D)
  5 hippogriffs (D)
  A yak (D)
  A golden eye (D)
  2 floating eyes (D)
  4 black bears (D)
  3 orc warriors (D)
  7 wolves (D)
  2 crocodiles (D)
  A bullfrog (D)
  A crimson imp (D)
  An orc priest (D)
  A jelly (D)
  2 iron imps (D)
  An iguana (D)
  An orc wizard (D)
  A mummy (D)
  2 river rats (D)
  2 shadow imps (D)
  3 white imps (D)
  3 ufetubi (D)
  An adder zombie (D)
  4 orcs (D)
  A ball python skeleton (D)
57 creatures vanquished.

Notes
Turn   | Place    | Note
-------+----------+-------------------------------------------
     0 | D        | Found the +6 Majin-Bo {vamp, Archmagi MP+6 Int+6}
     0 | D        | Found the +7 great mace "Firestarter" {inner flame, rF++}
     0 | D        | dhn the Minotaur Fighter began the quest for the Orb.
     0 | D        | Reached XP level 1. HP: 19/19 MP: 0/0
     0 | D        | Found a deep blue altar of Sif Muna.
     0 | D        | Found a bloodstained altar of Trog.
     0 | D        | Found a sacrificial altar of Ru.
     0 | D        | Found a stormy altar of Qazlal.
     0 | D        | Found an iron altar of Okawaru.
     1 | D        | Found a sparkling altar of Nemelex Xobeh.
     1 | D        | Found a blossoming altar of Fedhas.
     3 | D        | Found a transporter.
     3 | D        | Found an ancient bone altar of Kikubaaqudgha.
     3 | D        | Found a viscous altar of Jiyva.
     3 | D        | Found a corrupted altar of Lugonu.
     3 | D        | Found a hazy altar of Hepliaklqana.
     3 | D        | Found a burning altar of Makhleb.
     3 | D        | Found an opulent altar of Gozag.
    27 | D        | Found the +9 heavy crossbow "Sniper" {velocity, Acc+∞ SInv}
    27 | D        | Found the +10 dark maul {crush}
    27 | D        | Found the +15 Maxwell's patent armour {-Cast -Tele rElec
                  | MR+ rCorr}
    27 | D        | Found the +18 shield of the Gong {rElec rN+ MR+ EV-5}
    27 | D        | Found the cursed +14 obsidian axe {chop, +Fly SInv *Curse}
    28 | D        | Found the +6 shillelagh "Devastator" {shatter}
    28 | D        | Found the +11 plutonium sword {*Contam Stlth-}
    28 | D        | Found the +8 lance "Wyrmbane" {slay drac, rPois rF+ rC+
                  | AC+3}
    28 | D        | Found the +9 sword of Zonguldrok {reap}
    28 | D        | Found the cursed +13 scythe of Curses {drain, *Curse}
    28 | D        | Found the +0 sword of Power
    28 | D        | Found the +7 mace of Variability {chain chaos}
    28 | D        | Found the +7 Singing Sword {slice, sonic wave}
    28 | D        | Found the +7 longbow "Piercer" {penet, EV-2}
    96 | D        | Entered arena 2.
    96 | D        | Found a transporter.
   134 | D        | Entered arena 3.
   134 | D        | Noticed an ancient zyme
   134 | D        | Noticed a crimson imp
   134 | D        | Noticed an iron imp
   134 | D        | Found a transporter.
   140 | D        | Killed an ancient zyme
   140 | D        | Reached skill level 5 in Axes
   140 | D        | Reached skill level 1 in Dodging
   140 | D        | Reached skill level 1 in Evocations
   140 | D        | Reached XP level 2. HP: 15/36 MP: 0/2
   140 | D        | Reached XP level 3. HP: 17/41 MP: 0/3
   140 | D        | Reached XP level 4. HP: 20/49 MP: 0/4
   140 | D        | Reached XP level 5. HP: 23/55 MP: 0/5
   150 | D        | Reached skill level 6 in Axes
   150 | D        | Reached XP level 6. HP: 23/62 MP: 1/6
   388 | D        | Entered arena 4.
   388 | D        | Noticed a golden eye
   388 | D        | Noticed a floating eye
   388 | D        | Noticed a floating eye
   388 | D        | Found a transporter.
   391 | D        | Paralysed by a floating eye for 3 turns
   395 | D        | Killed a floating eye
   396 | D        | Reached skill level 7 in Axes
   397 | D        | Killed a floating eye
   397 | D        | Reached skill level 10 in Shields
   397 | D        | Reached XP level 7. HP: 69/71 MP: 7/7
   410 | D        | Killed a golden eye
   410 | D        | Reached skill level 10 in Fighting
   410 | D        | Reached skill level 8 in Axes
   410 | D        | Reached skill level 10 in Armour
   457 | D        | Entered arena 5.
   457 | D        | Found a transporter.
   473 | D        | Got the +5 spear of the Ecumenical Temple {elec, Str-2
                  | Dex+7}
   489 | D        | Entered arena 6.
   489 | D        | Found a transporter.
   498 | D        | Reached skill level 9 in Axes
   605 | D        | Entered arena 7.
   605 | D        | Noticed a komodo dragon
   605 | D        | Noticed a komodo dragon
   606 | D        | Found a transporter.
   609 | D        | Killed a komodo dragon
   609 | D        | Reached skill level 10 in Axes
   609 | D        | Reached XP level 8. HP: 65/81 MP: 6/9
   612 | D        | Killed a komodo dragon
   612 | D        | Reached skill level 11 in Axes
   676 | D        | Got the +10 war axe "Plog" {chop, rElec rN+}
   692 | D        | Entered arena 8.
   692 | D        | Noticed a hippogriff
   692 | D        | Noticed a hippogriff
   692 | D        | Noticed a hippogriff
   692 | D        | Noticed a hippogriff
   692 | D        | Noticed a hippogriff
   692 | D        | Noticed a merfolk
   693 | D        | Found a transporter.
   700 | D        | Killed a hippogriff
   700 | D        | Reached skill level 12 in Axes
   701 | D        | Killed a hippogriff
   704 | D        | Killed a hippogriff
   704 | D        | Reached XP level 9. HP: 82/89 MP: 8/11
   706 | D        | Reached skill level 13 in Axes
   715 | D        | Killed a merfolk
   824 | D        | Got the ring of Humuxkas {rN+ MR+ Stlth+}
   827 | D        | Got the Tome of Evil Rituals and Poisoning
   855 | D        | Entered arena 9.
   863 | D        | Reached skill level 14 in Axes
   868 | D        | Found a transporter.
   915 | D        | Entered arena 10.
   915 | D        | Noticed a komodo dragon
   927 | D        | Found a transporter.
   931 | D        | Reached skill level 15 in Axes
   932 | D        | Killed a komodo dragon
   932 | D        | Reached XP level 10. HP: 97/97 MP: 12/12
   964 | D        | Entered arena 11.
   965 | D        | Identified the cursed +3 demon whip of Bieng {drain, +Blink
                  | MR+}
   965 | D        | Found a transporter.
   974 | D        | Reached skill level 15 in Shields
  1008 | D        | Identified a +0 pair of boots of running (You found it in
                  | the Dungeon)
  1044 | D        | Entered arena 12.
  1044 | D        | Noticed a mummy priest
  1044 | D        | Noticed a mummy priest
  1045 | D        | Noticed a death scarab
  1045 | D        | Noticed a bennu
  1045 | D        | Noticed a greater mummy
  1048 | D        | Noticed a jiangshi
  1050 | D        | Noticed a jiangshi
  1050 | D        | Killed a death scarab
  1050 | D        | Reached skill level 16 in Axes
  1053 | D        | Noticed a rust devil
  1057 | D        | HP: 4/100 [bennu (4)]
  1058 | D        | Mangled by a guardian mummy

Skill      XL: |  1  2  3  4  5  6  7  8  9 10 |
---------------+-------------------------------+-----
Fighting       | 8 9 10 11 12 | 12.6
Armour         | 8 9 10 11 | 11.6
Shields        | 8 10 11 12 14 15 | 15.6
Axes           | 5 6 7 10 12 15 16 | 16.1
Dodging        | 1 2 3 |  3.2
Evocations     | 1 2 3 4 |  4.9
Stealth        | |  0.8

Action                   |  1- 3 |  4- 6 |  7- 9 | 10-12 || total
-------------------------+-------+-------+-------+-------++-------
Melee: War axe           |     8 |    10 |    38 |    13 ||    69
       Headbutt          |     2 |     3 |    12 |     4 ||    21
       Broad axe         |       |     5 |    22 |       ||    27
Evoke: Lamp of fire      |     1 |     1 |     2 |     2 ||     6
       Lightning rod     |       |       |       |     3 ||     3
       Wand              |       |       |       |     1 ||     1
       Phial of floods   |       |       |       |     1 ||     1
  Use: Potion            |     1 |       |       |     1 ||     2
Armor: Scale mail        |     9 |     1 |       |       ||    10
       Plate armour      |       |     4 |    55 |    18 ||    77
Dodge: Dodged            |     4 |     8 |    20 |     8 ||    40
Block: Shield            |     8 |     9 |       |       ||    17
       Large shield      |       |       |   114 |    45 ||   159
